Construct Section Command Post
Selects Air and Sea Battlegroup
Construct Platoon Command Post
Selects Commando Section Paradrop
Construct Field Infirmary
6-pounder Anti-tank Gun Team
6-pounder Anti-tank Gun Team
Unlock Bishop Self-propelled Artillery
Selects Commando Section Paradrop
Selects M1 Pack Howitzer Paradrop
Commando Section Paradrop
Bishop Self-propelled Artillery
Commando Section Paradrop
Bishop Self-propelled Artillery
Commando Section Paradrop
Construct Field Infirmary
Selects Anti-tank Rocket Loiter